 Dungeon Crawl Stone Soup version 0.20-a0-386-g2d247ea (console) character file.

395 HarryHood the Cudgeler (level 6, 0/57 HPs)
             Began as a Hill Orc Abyssal Knight on Dec 29, 2016.
             Was a Believer of Lugonu.
             Slain by an ogre
             ... wielding a +0 giant spiked club
              (7 damage)
             ... on level 4 of the Dungeon on Dec 30, 2016.
             The game lasted 00:15:44 (3684 turns).

HarryHood the Cudgeler (Hill Orc Abyssal Knight)    Turns: 3684, Time: 00:15:44

Health: 0/57       AC:  8    Str: 17    XL:     6   Next: 82%
Magic:  7/7        EV:  7    Int: 12    God:    Lugonu [**....]
Gold:   247        SH:  0    Dex: 12    Spells: 5/5 levels left

rFire  . . .     SeeInvis .     d - +1 flail
rCold  . . .     Gourm    .     o - +0 chain mail
rNeg   . . .     Faith    .     (no shield)
rPois  .         Spirit   .     (no helmet)
rElec  .         Reflect  .     (no cloak)
rCorr  .         Harm     .     (no gloves)
MR     .....                    (no boots)
Stlth  ..........               (no amulet)
                                (no ring)
                                j - ring of wizardry

@: no status effects
A: strong 1
a: Depart the Abyss, Bend Space, Renounce Religion


You were on level 4 of the Dungeon.
You worshipped Lugonu.
Lugonu was pleased with you.
You were not hungry.

You visited 1 branch of the dungeon, and saw 4 of its levels.
You visited the Abyss 1 time.

You collected 247 gold pieces.

Inventory:

Hand Weapons
 d - a +1 flail (weapon)
Armour
 o - a +0 chain mail (worn)
Jewellery
 j - a ring of wizardry (left hand)
Scrolls
 a - a scroll of blinking
 p - 3 scrolls of fog
 r - a scroll of enchant weapon
 s - a scroll of amnesia
Potions
 b - a potion of resistance
 f - a potion of heal wounds {@q1}
 h - 2 potions of brilliance
 i - 2 potions of curing {@q2}
 k - 2 potions of lignification {!q}
 n - a potion of cure mutation
 v - a potion of cancellation
Comestibles
 c - 4 bread rations {@e1}
 g - a beef jerky {@e2}
 l - 5 chunks of flesh
 m - a royal jelly {!*}


   Skills:
 - Level 6.0 Fighting
 - Level 6.3 Maces & Flails
 * Level 2.2 Armour
 - Level 0.7 Dodging
 + Level 2.4 Invocations


You had 5 spell levels left.
You didn't know any spells.

Dungeon Overview and Level Annotations

Branches:
Dungeon (4/15)
 Temple: D:4-7

Altars:


Innate Abilities, Weirdness & Mutations

Your muscles are strong. (Str +2)


Message History

The ogre is moderately wounded.
The ogre barely misses you.
Your chain mail prevents you from hitting the ogre.
The ogre is moderately wounded.
The ogre hits you with a giant spiked club!
* * * LOW HITPOINT WARNING * * *
Your chain mail prevents you from hitting the ogre.
The ogre is moderately wounded.
The ogre hits you but does no damage.
Your chain mail prevents you from hitting the ogre.
The ogre is moderately wounded.
You barely miss the ogre.
The ogre is moderately wounded.
The ogre hits you with a giant spiked club!
* * * LOW HITPOINT WARNING * * *
Space bends around you!
You blink.
Unknown command.
There is a stone staircase leading down here.
The ogre hits you with a giant spiked club!
You die...

.............. .##
..##........... ..#
...............##.#
#####.............##
#####...........)..##
...##.........).....#######.
............................
..#....<..........?.##......
................@.>.........
#................O...#####..
#.#..................#
#.#..#............#.##
..##.#......#.#.....##
.....................#
....###..####....###....#
....# #...###.............
....# #.#......####..###..≈


You could see an ogre.

Vanquished Creatures
  An ogre (D:4)
  2 orc priests (D:4)
  3 orc wizards (D:4)
  8 adders
  An ooze (D:1)
  2 adder skeletons (D:4)
  2 worms (D:2)
  A dart slug (D:1)
  5 leopard geckos
  6 orcs (D:4)
  3 ball pythons
  8 bats
  6 giant cockroaches
  5 goblins
  4 hobgoblins
  A quokka (D:4)
  4 frilled lizards
  10 kobolds
  7 rats
  A fungus (D:1)
80 creatures vanquished.

Vanquished Creatures (others)
  4 plants (D:4)
4 creatures vanquished.

Grand Total: 84 creatures vanquished

Notes
Turn   | Place    | Note
-------+----------+-------------------------------------------
     0 | Abyss:1  | HarryHood the Hill Orc Abyssal Knight began the quest for the Orb.
     0 | Abyss:1  | Reached XP level 1. HP: 19/19 MP: 2/2
     9 | Abyss:1  | Upgraded the game from 0.20-a0-382-g289d6af to 0.20-a0-386-g2d247ea
    40 | Abyss:1  | Noticed a vampire
    55 | D:1      | Escaped the Abyss
   177 | D:1      | Reached skill level 4 in Fighting
   177 | D:1      | Reached XP level 2. HP: 13/27 MP: 3/3
   823 | D:1      | Reached * piety under Lugonu
   853 | D:1      | Reached XP level 3. HP: 26/35 MP: 4/4
  1275 | D:1      | Reached skill level 5 in Fighting
  1904 | D:2      | Reached XP level 4. HP: 44/44 MP: 5/5
  2334 | D:2      | Reached skill level 6 in Fighting
  2700 | D:3      | Reached ** piety under Lugonu
  2734 | D:3      | Reached skill level 3 in Maces & Flails
  2803 | D:3      | Reached XP level 5. HP: 49/50 MP: 6/6
  3224 | D:3      | Gained mutation: Your muscles are strong. (Str +2) [potion of mutation]
  3224 | D:3      | Gained mutation: Armour fits poorly on your strangely shaped body. [potion of mutation]
  3224 | D:3      | Lost mutation: Armour fits poorly on your strangely shaped body. [potion of mutation]
  3286 | D:4      | Reached skill level 4 in Maces & Flails
  3345 | D:4      | Reached XP level 6. HP: 55/57 MP: 7/7
  3355 | D:4      | Reached skill level 5 in Maces & Flails
  3549 | D:4      | Reached skill level 6 in Maces & Flails
  3662 | D:4      | HP: 5/57 [ogre/giant spiked club (16)]
  3684 | D:4      | Slain by an ogre

Vault maps used:
D:1:      lightli_arrival_boilingwater, minmay_gold_behind_fungi,
          kennysheep_decorative_pillar
D:4:      first_bread, chequers_big_river

Skill      XL: |  1  2  3  4  5  6 |
---------------+-------------------+-----
Fighting       | 4 5 6 |  6.0
Maces & Flails | 3 4 6 |  6.3
Armour         | |  2.2
Dodging        | |  0.7
Invocations    | |  2.4

Action                   |  1- 3 |  4- 6 || total
-------------------------+-------+-------++-------
Melee: Mace              |   116 |     2 ||   118
       Flail             |       |   228 ||   228
Invok: Depart the Abyss  |     1 |       ||     1
       Bend Space        |       |     1 ||     1
  Use: Scroll            |     5 |    10 ||    15
       Potion            |       |     2 ||     2
  Eat: Chunk             |     3 |     6 ||     9
Armor: Leather armour    |    42 |       ||    42
       Ring mail         |     8 |       ||     8
       Chain mail        |       |   139 ||   139
Dodge: Dodged            |    84 |    80 ||   164
